 Dungeon Crawl Stone Soup version 0.31-a0-1626-g5cb510d322 (webtiles) character file.

Game seed: 18065369227039911016

42 seren the Magician (level 3, -3/26 HPs)
             Began as a Djinni Hedge Wizard on Jan 12, 2024.
             Killed by divine providence
             ... invoked by an orc priest
              (16 damage)
             ... on level 2 of the Dungeon.
             The game lasted 00:04:41 (1480 turns).

seren the Magician (Djinni Hedge Wizard)            Turns: 1480, Time: 00:04:41

Health: -3/26      AC:  2    Str:  9    XL:     3   Next: 80%
Gold:   66         EV: 12    Int: 17    God:
                   SH:  0    Dex: 12

rFire   + + .        a - +0 dagger
rCold   x . .        (no shield)
rNeg    . . .        b - +0 robe
rPois   ∞            c - +0 hat
rElec   .            (no cloak)
rCorr   .            (no gloves)
SInv    .            (boots unavailable)
Will    .....        (no amulet)
Stlth   ++           (no ring)
HPRegen 0.24/turn    (no ring)
MPRegen 0.00/turn

%: infuse magic (-4 HP)
@: flying, very slightly contaminated
A: sickness immunity, fire resistance 2, cold vulnerability 1, float, innate
caster, HP casting, extra vitality 1
a: no special abilities


You were on level 2 of the Dungeon.
You visited 1 branch of the dungeon, and saw 2 of its levels.

You collected 66 gold pieces.

Inventory:

Hand Weapons
 a - a +0 dagger (weapon)
Armour
 b - a +0 robe (worn)
 c - a +0 hat (worn)
Scrolls
 e - a scroll of torment {unknown}
 f - a scroll of identify {unknown}
 h - a scroll of summoning {unknown}
Potions
 d - a potion of brilliance {unknown}
 g - 2 potions of curing {unknown}
 i - a potion of attraction {unknown}


   Skills:
 + Level 0.4 Fighting
 + Level 2.9 Dodging
 + Level 2.2 Stealth
 + Level 3.3 Spellcasting
 + Level 3.3 Conjurations
 + Level 3.3 Hexes
 + Level 3.3 Summonings
 + Level 3.3 Necromancy
 + Level 3.3 Translocations
 + Level 3.3 Fire Magic
 + Level 3.3 Ice Magic
 + Level 3.3 Air Magic
 + Level 3.3 Earth Magic
 + Level 3.3 Alchemy


You knew the following spells:

 Your Spells              Type           Power      Damage    Failure   Level
a - Magic Dart            Conj           56%        1d5       4%          1
b - Slow                  Hex            56%        N/A       4%          1
c - Blink                 Tloc           28%        N/A       7%          2
d - Call Imp              Summ           28%        N/A       7%          2
e - Mephitic Cloud        Conj/Alch/Air  14%        N/A       13%         3
f - Summon Small Mammal   Summ           56%        N/A       4%          1
Your spell library was empty.

Dungeon Overview and Level Annotations

Branches:
Dungeon (2/15)

Altars:

Annotations:
D:1 exclusion: 2 downstairs
D:2 Sigmund


Innate Abilities, Weirdness & Mutations

You are immune to sickness and miasma.
You are immune to poison.
Your flesh is very heat resistant. (rF++)
You are vulnerable to cold. (rC-)
You float through the air rather than walking.
You learn spells naturally, not from books.
Your magical power is your life essence.
You have superior vitality. (+4 MHP)


Message History

The orc priest hits your rat with a +0 dagger.
Your rat misses the orc priest.
The orc priest calls down the wrath of Beogh upon you.
Beogh smites you!
* * * LOW HITPOINT WARNING * * *
Your rat bites the orc priest but does no damage.
The orc priest casts a cantrip, but nothing happens.
Your rat bites the orc priest but does no damage.
You fly upwards.
Your summoned ally is left behind.
Level annotation: exclusion: 2 downstairs
There is a stone staircase leading down here.
You start resting.
HP restored.
Casting: Summon Small Mammal (safe; 4% risk of failure)
Confirm with . or Enter, or press ? or * to list all spells.
Okay, then.
Casting: Summon Small Mammal (safe; 4% risk of failure)
Confirm with . or Enter, or press ? or * to list all spells.
Okay, then.
You fly downwards.
Level annotation: Sigmund
There is a stone staircase leading up here.
Aiming: Magic Dart (safe; 4% risk of failure)
Press: ? - help, Q - select action, (/) - cycle Shift-Dir - straight line, f - orc priest
Aim: an orc priest, wielding a +0 dagger and wearing a +0 ring mail (100% to hit)
The magic dart hits the orc priest but does no damage.
The orc priest mumbles some strange prayers to Beogh against you.
Beogh smites you!
* * * LOW HITPOINT WARNING * * *
Aiming: Magic Dart (safe; 4% risk of failure)
Press: ? - help, Q - select action, (/) - cycle Shift-Dir - straight line, f/p - orc priest
Aim: an orc priest, wielding a +0 dagger and wearing a +0 ring mail (100% to hit)
You miscast Magic Dart.
You are very lightly contaminated with residual magic.
Nothing appears to happen.
* * * LOW HITPOINT WARNING * * *
The orc priest calls down the wrath of Beogh upon you.
Beogh smites you!
Ouch! That really hurt!
You die...

#. #.#.# ##.##
#.##.#.##### ##.#.## ##
##.##...:...####.###.#
.. .......[##...##.##
##.## .#
##.#.......#...## #.# .#
#.#.##)##...##.## #.##
.#
##....#.###.####.###.#
.###.......###.####..#.#
..............÷.@.....#
####.......###.####.#.#
# ##....#.#.o.# #.#.# #
##.....#.### #.#.# #
#..###...#####.#.# #
#..............#.# #
#.####...#######.# # #.#
##.## #.# # #.#
#.########.#


You could see an orc priest.

Vanquished Creatures
  An adder (D:2)
  An orc (D:1)
  4 ball pythons
  5 bats (D:1)
  4 endoplasms
  2 giant cockroaches (D:2)
  2 goblins
  3 hobgoblins
  2 kobolds
  A quokka (D:1)
  3 rats (D:1)
28 creatures vanquished.

Vanquished Creatures (collateral kills)
  A frilled lizard (D:2)
1 creature vanquished.

Grand Total: 29 creatures vanquished

Notes
Turn   | Place    | Note
-------+----------+-------------------------------------------
     0 | D:1      | seren the Djinni Hedge Wizard began the quest for the Orb.
     0 | D:1      | seren set off with the following spells memorised: Magic
                  | Dart, Slow, Blink, Call Imp, Mephitic Cloud.
     0 | D:1      | Reached XP level 1. HP: 15/15 MP: 0/0
   229 | D:1      | Reached XP level 2. HP: 15/21 MP: 0/0
   638 | D:1      | Found a faded altar of an unknown god.
   923 | D:2      | Noticed Sigmund
   944 | D:2      | Reached XP level 3. HP: 21/25 MP: 0/0
   944 | D:2      | Learned a level 1 spell: Summon Small Mammal
  1480 | D:2      | Killed from afar by an orc priest

Illustrated notes

Levels and vault maps discovered:
D:1:      wander_arrival_lonely_grave, layout_basic,
          shapermc_ecumenical_altar_ellora
D:2:      layout_loops_ring, minmay_misc_feat_rows,
          minmay_fractal_squares_gapless_5, uniq_sigmund

Skill      XL: |  1  2 |
---------------+-------+-----
Stealth        | 2 |  2.2
Fighting       | |  0.4
Dodging        | |  2.9
Spellcasting   | |  3.3
Conjurations   | |  3.3
Hexes          | |  3.3
Summonings     | |  3.3
Necromancy     | |  3.3
Translocations | |  3.3
Fire Magic     | |  3.3
Ice Magic      | |  3.3
Air Magic      | |  3.3
Earth Magic    | |  3.3
Alchemy        | |  3.3

Action                     || total
---------------------------++-------
  Melee: Dagger            ||     5
   Cast: Magic Dart        ||    72
         Call Imp          ||     1
         Summon Small Mamm ||     1
 Armour: Robe              ||    17
  Dodge: Dodged            ||    19

Table legend: (Time is in decaauts)
 A = Elapsed time spent in this place.
 B = Non-inter-level travel time spent in this place.
 C = Inter-level travel time spent in this place.
 D = Time resting spent in this place.
 E = Time spent auto-exploring this place.
 F = Levels seen in this place.
 G = Mean time per level.
                   A        B        C        D        E       F      G
               +--------+--------+--------+--------+--------+-----+--------+
         Total |   1484 |   1394 |     90 |    242 |    771 |   2 |  742.0 |
       Dungeon |   1484 |   1394 |     90 |    242 |    771 |   2 |  742.0 |
               +--------+--------+--------+--------+--------+-----+--------+

Top non-repeatable levels by time:
     D:1: 1183 daAuts
     D:2: 301 daAuts
